 Dungeon Crawl Stone Soup version 0.22.1-2-g9c5b331 (webtiles) character file.

96 colophon the Sneak (level 4, 0/25 HPs)
             Began as a Kobold Enchanter on Dec 1, 2018.
             Succumbed to an adder's poison
             ... on level 2 of the Dungeon.
             The game lasted 00:11:01 (3163 turns).

colophon the Sneak (Kobold Enchanter)               Turns: 3163, Time: 00:11:02

Health: 0/25       AC:  2    Str:  7 (10) XL:     4   Next: 98%
Magic:  1/7        EV: 16    Int: 19 (21) God:
Gold:   94         SH:  0    Dex: 15 (16) Spells: 1/7 levels left

rFire    . . .     SeeInvis .   a - +1 dagger
rCold    . . .     Gourm    .   (shield restricted)
rNeg     . . .     Faith    .   b - +0 robe
rPois    .         Spirit   .   (no helmet)
rElec    .         Reflect  .   (no cloak)
rCorr    .         Harm     .   (no gloves)
MR       .....                  (no boots)
Stlth    +++.......             (no amulet)
HPRegen  0.08/turn              (no ring)
MPRegen  0.10/turn              (no ring)

@: mighty, brilliant, lethally poisoned (0 -> -5), flying, very slightly
contaminated
A: small, carnivore
a: no special abilities


You were on level 2 of the Dungeon.
You were completely stuffed.

You visited 1 branch of the dungeon, and saw 4 of its levels.

You collected 94 gold pieces.

Inventory:

Hand Weapons
 a - a +1 dagger (weapon)
Armour
 b - a +0 robe (worn)
Jewellery
 e - a cursed -2 ring of intelligence {unknown}
 l - an uncursed ring of flight {unknown}
Scrolls
 c - a scroll of teleportation {unknown}
 f - a scroll of remove curse {unknown}
 j - 2 scrolls of identify {unknown}
 k - a scroll of enchant armour {unknown}
Potions
 g - a potion of brilliance
Comestibles
 d - 3 rations
 i - 4 chunks of flesh


   Skills:
 - Level 1.2 Fighting
 + Level 2.8 Short Blades
 + Level 3.3 Dodging
 + Level 4.9 Stealth
 - Level 2.1 Spellcasting
 + Level 3.5 Hexes
 + Level 0.6 Ice Magic


You had one spell level left.
You knew the following spells:

 Your Spells              Type           Power        Failure   Level  Hunger
a - Corona                Hex            ####...      1%          1    #......
b - Ensorcelled Hibernat  Hex/Ice        ###...       1%          2    ##.....
c - Confuse               Hex            ####....     1%          3    ###....

Your spell library contained the following spells:

 Spells                   Type           Power        Failure   Level  Hunger
 Tukima's Dance           Hex            ####....     1%          3    ###....
 Dazzling Spray           Conj/Hex       ###...       3%          3    ###....


Dungeon Overview and Level Annotations

Branches:
Dungeon (4/15)             Temple (0/1) D:4

Altars:
Ashenzari
Ru
Trog

Shops:
D:4 [


Innate Abilities, Weirdness & Mutations

You are small and have problems with some larger weapons.
You are carnivorous and can eat meat at any time.


Message History

You hit the adder but do no damage.
The adder is heavily wounded.
* * * LOW HITPOINT WARNING * * *
You feel sick. The adder bites you.
* * * LOW HITPOINT WARNING * * *
It was a potion of brilliance.
You feel clever all of a sudden. The adder barely misses you.
The adder closely misses you.
It was a potion of might.
You feel very mighty all of a sudden.
* * * LOW HITPOINT WARNING * * *
You feel sick. The adder barely misses you.
It was a potion of degeneration.
There was something very wrong with that liquid.
You feel weakened.
You feel dopey.
You feel clumsy. The adder closely misses you.
It was a potion of flight.
You feel very buoyant.
You fly up into the air.
You die...

.......................+.........
###.....#######.#...####.........
# ##.#..# #####.##.## ##........
# ###..# #...).....# ##...####
######..# #.###.###.# ##..# ##
...<....# #.# #.....# ##.####
^....#.## #.# #####.# #.+.._
....##.# #.#######.# #.###.
...##..# #.....@S..# ##.# #.
..##...# #########.#######..###+
.##..รท.# #.................
##.....# #.#####...##....##
#.....## #.# #.#.###.#... ......#
#.# #.#.# #.#### ####### #.#
#<#.# #.# ..)...# #.#####...# #.#
......## #.......### #.#


You could see an adder.

Vanquished Creatures
  4 adders (D:2)
  An ooze (D:1)
  A worm (D:2)
  2 dart slugs (D:1)
  2 leopard geckos (D:1)
  2 giant cockroaches
  8 goblins
  4 hobgoblins
  A quokka (D:4)
  A ball python (D:1)
  7 bats
  6 frilled lizards
  4 kobolds
  6 rats
49 creatures vanquished.

Notes
Turn   | Place    | Note
-------+----------+-------------------------------------------
     0 | D:1      | colophon the Kobold Enchanter began the quest for the Orb.
     0 | D:1      | Reached XP level 1. HP: 10/10 MP: 3/3
   433 | D:1      | Reached XP level 2. HP: 7/16 MP: 3/5
   797 | D:1      | Learned a level 2 spell: Ensorcelled Hibernation
  1213 | D:1      | Reached XP level 3. HP: 20/20 MP: 6/6
  1215 | D:1      | Reached skill level 1 in Fighting
  1888 | D:2      | Reached XP level 4. HP: 25/25 MP: 7/7
  1893 | D:2      | Learned a level 3 spell: Confuse
  1914 | D:2      | Found a bloodstained altar of Trog.
  2043 | D:2      | You fall through a shaft for 2 floors!
  2043 | D:4      | Found a staircase to the Ecumenical Temple.
  2050 | D:4      | Found Vouqo's Armour Shop.
  2446 | D:2      | Found a shattered altar of Ashenzari.
  2852 | D:2      | Found a sacrificial altar of Ru.
  3161 | D:2      | HP: 1/25 [poisoned by an adder]
  3163 | D:2      | Succumbed to an adder's poison

Skill      XL: |  1  2  3 |
---------------+----------+-----
Short Blades   | 2 |  2.8
Fighting       | 1 |  1.2
Dodging        | 3 |  3.3
Stealth        | |  4.9
Spellcasting   | |  2.1
Hexes          | |  3.5
Ice Magic      | |  0.6

Action                   |  1- 3 |  4- 6 || total
-------------------------+-------+-------++-------
Melee: Dagger            |    83 |    41 ||   124
 Cast: Corona            |     7 |     4 ||    11
       Ensorcelled Hiber |    10 |     7 ||    17
  Use: Potion            |       |     4 ||     4
 Stab: Sleeping          |    20 |    14 ||    34
  Eat: Chunk             |    12 |     5 ||    17
Armor: Robe              |     7 |     5 ||    12
Dodge: Dodged            |    62 |    25 ||    87
